 Dungeon Crawl Stone Soup version 0.25-a0-44-g29a1220a87 (webtiles) character file.

Game seed: 9411725481142824633, levelgen mode: deterministic

135 DavidChitty2 the Shield-Bearer (level 4, 0/41 HPs)
             Began as a Minotaur Fighter on Oct 24, 2019.
             Succumbed to a kobold's poison
             ... on level 3 of the Dungeon.
             The game lasted 00:02:37 (1645 turns).

DavidChitty2 the Shield-Bearer (Minotaur Fighter)   Turns: 1645, Time: 00:02:38

Health: 0/41       AC: 14    Str: 21    XL:     4   Next: 96%
Magic:  3/3        EV:  4    Int:  5    God:
Gold:   88         SH:  9    Dex: 10    Spells: 3/3 levels left

rFire    . . .     SeeInvis .   a - +0 war axe
rCold    . . .     Gourm    .   c - +0 shield
rNeg     . . .     Faith    .   i - +0 plate armour
rPois    .         Spirit   .   (helmet restricted)
rElec    .         Reflect  .   l - +0 cloak
rCorr    .         Harm     .   k - +0 pair of gloves
MR       .....                  (no boots)
Stlth    ..........             (no amulet)
HPRegen  0.13/turn              (no ring)
MPRegen  0.08/turn              (no ring)

@: lethally poisoned (0 -> -12), flying, hasted, very quick
A: retaliatory headbutt, horns 2
a: no special abilities


You were on level 3 of the Dungeon.
You were hungry.

You visited 1 branch of the dungeon, and saw 3 of its levels.

You collected 88 gold pieces.

Inventory:

Hand Weapons
 a - a +0 war axe (weapon)
Armour
 c - a +0 shield (worn)
 i - a +0 plate armour (worn)
   (You found it on level 1 of the Dungeon)
 k - a +0 pair of gloves (worn)
   (You found it on level 2 of the Dungeon)
 l - a +0 cloak (worn)
   (You found it on level 2 of the Dungeon)
Wands
 n - a wand of polymorph (4)
   (You found it on level 2 of the Dungeon)
Scrolls
 f - 6 scrolls of identify {unknown}
 j - 3 scrolls of remove curse {unknown}
Potions
 d - 3 potions of might
 h - a potion of haste {@q3}
 m - a potion of flight
Comestibles
 e - 3 rations {!d}
 g - 3 chunks of flesh


   Skills:
 + Level 4.5 Fighting
 * Level 4.3 Axes
 + Level 4.4 Armour
 + Level 4.5 Shields


You had 3 spell levels left.
You didn't know any spells.
Your spell library was empty.

Dungeon Overview and Level Annotations

Branches:
Dungeon (3/15)

Altars:


Innate Abilities, Weirdness & Mutations

You reflexively headbutt those who attack you in melee.
You have a pair of horns on your head.


Message History

* * * LOW HITPOINT WARNING * * *
You feel sick.
It was a potion of haste.
You feel yourself speed up.
* * * LOW HITPOINT WARNING * * *
You feel very sick. The orc hits you but does no damage.
The kobold hits you with a +0 dagger.
* * * LOW HITPOINT WARNING * * *
It was a potion of magic.
Magic courses through your body.
* * * LOW HITPOINT WARNING * * *
You feel sick. You block the orc's attack.
Your shield and plate armour prevent you from hitting the orc.
You headbutt the orc!
You kill the orc!
You closely miss the kobold.
* * * LOW HITPOINT WARNING * * *
You feel sick. You block the kobold's attack.
You closely miss the kobold.
* * * LOW HITPOINT WARNING * * *
You feel sick. You block the kobold's attack.
You slice the kobold!!
You kill the kobold!
* * * LOW HITPOINT WARNING * * *
You feel sick.
* * * LOW HITPOINT WARNING * * *
You feel sick.
Things that are here:
a +0 trident; a +1 chain mail of cold resistance
* * * LOW HITPOINT WARNING * * *
You feel sick.
* * * LOW HITPOINT WARNING * * *
You feel sick.
Found 7 gold pieces.
* * * LOW HITPOINT WARNING * * *
You feel sick.
* * * LOW HITPOINT WARNING * * *
You feel sick.
Okay, then.
* * * LOW HITPOINT WARNING * * *
You feel sick.
You see here a scroll labeled JECWYKK GELEME.
j - 3 scrolls labeled JECWYKK GELEME (gained 1)
* * * LOW HITPOINT WARNING * * *
You feel sick.
Okay, then.
Unknown command.
You aren't carrying any pieces of jewellery.
Okay, then.
* * * LOW HITPOINT WARNING * * *
You feel sick.
You die...

#####
#...#########
#.#.#.#.#.#.##
#..........)<#
#.#.#.#.#.#.##
#........)((.#
#.#.#.#.#.#)##
#...$........#
#@#.#.#.#.#.##
#............#
#.#.#.#.#.#.##
..............#
##.#.#.#.#.#.##
.....##.###
..... # ##?


There were no monsters in sight!

Vanquished Creatures
  4 gnolls (D:2)
  4 adders (D:2)
  A worm (D:2)
  A dart slug (D:1)
  2 leopard geckos (D:2)
  4 orcs (D:3)
  3 ball pythons
  4 bats
  A giant cockroach (D:1)
  8 goblins
  6 hobgoblins
  6 kobolds
  2 quokkas
  2 rats
48 creatures vanquished.

Notes
Turn   | Place    | Note
-------+----------+-------------------------------------------
     0 | D:1      | DavidChitty2 the Minotaur Fighter began the quest for the
                  | Orb.
     0 | D:1      | Reached XP level 1. HP: 19/19 MP: 0/0
   247 | D:1      | Reached XP level 2. HP: 27/27 MP: 1/1
   787 | D:2      | Reached XP level 3. HP: 30/33 MP: 2/2
  1179 | D:2      | Reached XP level 4. HP: 35/40 MP: 3/3
  1642 | D:3      | HP: 2/41 [poisoned by a kobold]
  1645 | D:3      | Succumbed to a kobold's poison

Levels and vault maps discovered:
D:1:      sevenhm_arrival_forest_fort_large_4, layout_rooms, st_stairs_8,
          patterned_corridor
D:2:      layout_basic, first_ration
D:3:      layout_basic, serial_co_window_serial, co_window_paths_b,
          co_window_paths_a, co_window_paths_a, co_window_of_opportunity_a,
          co_window_paths_a, co_window_of_opportunity_a, co_window_paths_b,
          co_window_paths_a, co_window_of_opportunity_a,
          co_window_unsneaky_path_d, co_window_2corner, co_window_corner_b,
          co_window_unsneaky_path_d, glass_columns_a, glass_columns_b,
          glass_columns_b, glass_columns_a, st_stairs_10, uniq_robin

Skill      XL: |  1  2  3  4 |
---------------+-------------+-----
Axes           | 3 4 |  4.3
Fighting       | 4 |  4.5
Armour         | 4 |  4.4
Shields        | 4 |  4.5

Action                   |  1- 3 |  4- 6 || total
-------------------------+-------+-------++-------
Melee: War axe           |    66 |    64 ||   130
       Headbutt          |     5 |    11 ||    16
  Use: Potion            |       |     3 ||     3
  Eat: Chunk             |     1 |     1 ||     2
Armor: Scale mail        |     5 |       ||     5
       Plate armour      |    28 |    28 ||    56
Dodge: Dodged            |    16 |     8 ||    24
Block: Shield            |    44 |    44 ||    88

Table legend:
 A = Non-vault XP
 B = Vault XP
 C = Vault XP percentage of total XP
 D = Non-vault monster count
 E = Vault monster count
 F = Vault count percentage of total count
                 A         B        C        D         E       F
            +---------+---------+-------+---------+---------+-------
      Total |     185 |       8 |   4.1 |      44 |       4 |   8.3
            +---------+---------+-------+---------+---------+-------
        D:1 |      31 |       2 |   6.1 |      16 |       1 |   5.9
        D:2 |     143 |       0 |   0.0 |      24 |       0 |   0.0
        D:3 |      11 |       6 |  35.3 |       4 |       3 |  42.9
            +---------+---------+-------+---------+---------+-------
